 Dungeon Crawl Stone Soup version 0.25-a0-503-ge281fa673e (webtiles) character file.

Game seed: 5999362706769594733, levelgen mode: deterministic

996 kae the Insei (level 7, -11/56 HPs)
             Began as a Demonspawn Gladiator on Feb 13, 2020.
             Was an Initiate of Wu Jian.
             Mangled by an orc warrior
             ... wielding a +0 dire flail
              (16 damage)
             ... on level 6 of the Dungeon.
             The game lasted 00:05:56 (6031 turns).

kae the Insei (Demonspawn Gladiator)                Turns: 6031, Time: 00:05:57

Health: -11/56     AC:  6    Str: 14    XL:     7   Next: 99%
Magic:  0/7        EV: 13    Int:  9    God:    Wu Jian [......]
Gold:   187        SH:  0    Dex: 17    Spells: 6/6 levels left

rFire    . . .     SeeInvis .     - Unarmed
rCold    . . .     Gourm    .   (no shield)
rNeg     . . .     Faith    .   a - +1 leather armour
rPois    .         Spirit   +   (helmet unavailable)
rElec    .         Reflect  .   v - scarf {Spirit}
rCorr    .         Harm     .   (no gloves)
MR       .....                  (no boots)
Stlth    +.........             (no amulet)
HPRegen  0.18/turn              t - ring of wizardry
MPRegen  0.10/turn              (no ring)

@: no status effects
A: horns 3, slimy green scales 1
a: Renounce Religion


You were on level 6 of the Dungeon.
You worshipped Wu Jian.
Wu Jian was noncommittal.
You were not hungry.

You visited 2 branches of the dungeon, and saw 7 of its levels.
You also visited: Sewer.

You collected 187 gold pieces.

Inventory:

Missiles
 c - 3 throwing nets (quivered)
Armour
 a - a +1 leather armour (worn)
 e - a scarf of repulsion
 i - a scarf of resistance
 v - a scarf of spirit shield (worn)
Jewellery
 t - a ring of wizardry (left hand)
 w - an uncursed ring of wizardry
Wands
 s - a wand of random effects (18)
Scrolls
 j - a scroll of enchant weapon
 m - 3 scrolls of fog
 o - 4 scrolls of fear
 q - 3 scrolls of teleportation
 x - a scroll of remove curse
Potions
 b - 2 potions of cancellation
 g - a potion of ambrosia {unknown}
 h - 2 potions of magic {unknown}
 k - 3 potions of curing
 l - 3 potions of might
 n - 2 potions of heal wounds {unknown}
 p - 2 potions of brilliance {unknown}
 r - a potion of resistance {unknown}
 u - a potion of flight
Comestibles
 d - 8 rations
 f - 3 chunks of flesh


   Skills:
 + Level 5.5 Fighting
 - Level 1.7 Throwing
 - Level 3.0 Dodging
 * Level 7.3 Unarmed Combat


You had 6 spell levels left.
You didn't know any spells.
Your spell library was empty.

Dungeon Overview and Level Annotations

Branches:
Dungeon (6/15)             Temple (1/1) D:4           Sewer (visited)

Altars:
Ashenzari
Dithmenos
Elyvilon
Fedhas
Gozag
Hepliaklqana
Kikubaaqudgha
Makhleb
Nemelex Xobeh
Okawaru
Qazlal
Ru
Sif Muna
Trog
Uskayaw
Wu Jian
Xom
Yredelemnul
The Shining One

Annotations:
D:5 2 transporters


Innate Abilities, Weirdness & Mutations

You have a pair of large horns on your head.
You are partially covered in slimy green scales. (AC +2)


Message History

Deactivating autopickup; reactivate with Ctrl-A.
The orc warrior hits you with a +0 dire flail!
You are too injured to fight recklessly!
You are too injured to fight recklessly!
You are too injured to fight recklessly!
You are too injured to fight recklessly!
You hit the orc warrior but do no damage.
The orc warrior is almost dead.
You hit the orc warrior.
The orc warrior is almost dead.
The orc warrior hits you with a +0 dire flail!
You hit the orc warrior but do no damage.
The orc warrior is almost dead.
The orc warrior hits you with a +0 dire flail!
* * * LOW HITPOINT WARNING * * *
You hit the orc warrior but do no damage.
Your punch misses the orc warrior.
The orc warrior is almost dead.
The orc warrior hits you with a +0 dire flail!
You die...

###### ..... .# ###..# #?#
r...## #.# ###...### #.#
#≈r...≈≈# #.##### #
######≈..♣..≈##########.....#.#
................@o{.[..........
###....♣._.♣..)#####....._....#
..............## #....P.P...
.#...#≈..♣..≈## #...........
.....#≈≈...≈≈# #.........##
.#...###...############........
.#..................<##########
.#...#..#.############
.#......#.#


You could see an orc warrior.

Vanquished Creatures
  2 black bears (D:6)
  An ogre (D:5)
  3 bullfrogs
  A crimson imp (D:5)
  A hound (D:5)
  A bullfrog skeleton (D:5)
  A jelly (D:5)
  An iguana (D:5)
  2 worker ants (D:4)
  A hound zombie (D:5)
  Robin (D:2)
  15 adders
  5 river rats (Sewer)
  An ooze (Sewer)
  An adder skeleton (D:4)
  3 worms
  7 leopard geckos
  9 orcs
  5 giant cockroaches
  14 goblins
  2 hobgoblins (D:2)
  4 jackals (D:5)
  8 kobolds
  6 quokkas
  13 ball pythons
  3 bats
  11 frilled lizards
  A leopard gecko skeleton (D:4)
  A quokka zombie (D:4)
  25 rats
149 creatures vanquished.

Notes
Turn   | Place    | Note
-------+----------+-------------------------------------------
     0 | D:1      | kae the Demonspawn Gladiator began the quest for the Orb.
     0 | D:1      | Reached XP level 1. HP: 16/16 MP: 1/1
   204 | D:1      | Reached skill level 3 in Unarmed Combat
   463 | D:1      | Gained mutation: You are partially covered in slimy green
                  | scales. (AC +2) [demonic ancestry]
   463 | D:1      | Reached XP level 2. HP: 8/22 MP: 2/2
  1272 | D:2      | Noticed Robin
  1289 | D:2      | Gained mutation: You have a pair of small horns on your
                  | head. [demonic ancestry]
  1289 | D:2      | Reached XP level 3. HP: 28/28 MP: 3/3
  1298 | D:2      | Killed Robin
  1768 | D:2      | Reached XP level 4. HP: 34/34 MP: 4/4
  2113 | D:3      | Found a shadowy altar of Dithmenos.
  2131 | D:3      | Reached skill level 4 in Unarmed Combat
  2225 | D:3      | Found a sparkling altar of Nemelex Xobeh.
  2391 | D:3      | Found a glowing drain.
  2402 | D:3      | Gained mutation: You have a pair of horns on your head.
                  | [demonic ancestry]
  2402 | D:3      | Reached XP level 5. HP: 40/41 MP: 5/5
  2406 | Sewer    | Entered a sewer
  2926 | Sewer    | Reached skill level 5 in Unarmed Combat
  3253 | Sewer    | Gained mutation: You have a pair of large horns on your
                  | head. [demonic ancestry]
  3253 | Sewer    | Reached XP level 6. HP: 48/48 MP: 6/6
  3891 | D:4      | Found a shattered altar of Ashenzari.
  3892 | D:4      | Found an iron altar of Okawaru.
  3898 | D:4      | Found a sacrificial altar of Ru.
  4498 | D:4      | Found a staircase to the Ecumenical Temple.
  4627 | Temple   | Entered the Ecumenical Temple
  4813 | Temple   | Became a worshipper of the Wu Jian Council
  5113 | D:5      | Entered Level 5 of the Dungeon
  5124 | D:5      | Found a transporter.
  5158 | D:5      | Reached skill level 6 in Unarmed Combat
  5161 | D:5      | Reached XP level 7. HP: 55/55 MP: 7/7
  5559 | D:5      | Found a transporter.
  5631 | D:5      | Reached skill level 5 in Fighting
  5935 | D:6      | Found a white marble altar of Elyvilon.
  5983 | D:6      | Found a bloodstained altar of Trog.
  5994 | D:6      | Reached skill level 7 in Unarmed Combat
  6031 | D:6      | Mangled by an orc warrior

Levels and vault maps discovered:
D:1:      dpeg_arrival_concentric_ovals, layout_basic, item_on_display_a
D:2:      layout_basic, chequers_serial_rivers_small_b, uniq_robin
D:3:      layout_rooms, old_standard_altar, lemuel_doored_altar,
          gup_sewer_entry_pipe, first_ration, grunt_decor_resistance
D:4:      layout_gridville, gammafunk_temple_overflow_forgotten, temple_hall
D:5:      gammafunk_steamed_eel, layout_loops_cross
D:6:      minmay_razor_zed, layout_basic, elyvilon_altar_4, trog_ov_bears_minmay
Temple:   minmay_temple_bridge_abc

Skill      XL: |  1  2  3  4  5  6  7 |
---------------+----------------------+-----
Unarmed Combat | 3 4 5 6 7 |  7.3
Dodging        | 3 |  3.0
Fighting       | 3 4 5 |  5.5
Throwing       | |  1.7

Action                   |  1- 3 |  4- 6 |  7- 9 || total
-------------------------+-------+-------+-------++-------
Melee: Unarmed           |    99 |   281 |    72 ||   452
       Punch             |     1 |     2 |       ||     3
       Headbutt          |     3 |    39 |    19 ||    61
Invok: Lunge             |       |       |     6 ||     6
Evoke: Wand              |       |       |     1 ||     1
  Use: Scroll            |     4 |     7 |     2 ||    13
       Potion            |     1 |     6 |       ||     7
 Stab: Sleeping          |       |     1 |       ||     1
       Distracted        |       |       |     1 ||     1
  Eat: Chunk             |     2 |     9 |     2 ||    13
       Ration            |       |     1 |       ||     1
Armor: Leather armour    |    21 |    65 |    18 ||   104
       Skin              |     7 |    61 |       ||    68
Dodge: Dodged            |    41 |   196 |    43 ||   280
       Deflected         |     1 |     1 |       ||     2

Table legend:
 A = Non-vault XP
 B = Vault XP
 C = Vault XP percentage of total XP
 D = Non-vault monster count
 E = Vault monster count
 F = Vault count percentage of total count
                 A         B        C        D         E       F
            +---------+---------+-------+---------+---------+-------
      Total |     746 |     678 |  47.6 |      79 |      70 |  47.0
            +---------+---------+-------+---------+---------+-------
        D:1 |      22 |       0 |   0.0 |      14 |       0 |   0.0
        D:2 |      48 |      36 |  42.9 |      13 |      12 |  48.0
        D:3 |      96 |      20 |  17.2 |      18 |       8 |  30.8
        D:4 |      83 |       0 |   0.0 |      11 |       0 |   0.0
        D:5 |     385 |       0 |   0.0 |      14 |       0 |   0.0
        D:6 |     112 |     254 |  69.4 |       9 |       2 |  18.2
      Sewer |       0 |     368 | 100.0 |       0 |      48 | 100.0
            +---------+---------+-------+---------+---------+-------
